SAAA
SANTA BARBARA GOLDEN CRANES @ NOLENSVILLE KNIGHTS
06/10/2041
 
TOP OF THE 1ST
Santa Barbara Golden Cranes batting - Pitching for Nolensville Knights : RHP Miguel Pérez
Pitching: RHP Miguel Pérez
Batting: RHB Jody Clark 0-0: Swinging Strike
0-1: Ball
1-1: Ball
2-1: Called Strike
2-2: Ball
3-2: Strikes out looking
Batting: LHB Kyle Mullens 0-0: Called Strike
0-1: Ball
1-1: Ground out 1-3 (Groundball, 15S, EV 64.4 MPH)
Batting: RHB Ernest Lesley 0-0: Swinging Strike
0-1: Foul Ball, location: 2F
0-2: Strikes out swinging
Top of the 1st over - 0 runs, 0 hits, 0 errors, 0 left on base; Santa Barbara 0 - Nolensville 0
BOTTOM OF THE 1ST
Nolensville Knights batting - Pitching for Santa Barbara Golden Cranes : RHP CB Huntington
Pitching: RHP CB Huntington
Batting: LHB Brenton Winston 0-0: Called Strike
0-1: Swinging Strike
0-2: Ball
1-2: Ball
2-2: SINGLE (Line Drive, 6MD, EV 106.9 MPH)
Batting: LHB Juan Jimínez 0-0: Grounds into double play, 4-6-3 (Groundball, 4, EV 92.5 MPH)
Batting: RHB Dale Goodman 0-0: Ball
1-0: Called Strike
1-1: Called Strike
1-2: Strikes out swinging
Bottom of the 1st over - 0 runs, 1 hit, 0 errors, 0 left on base; Santa Barbara 0 - Nolensville 0
TOP OF THE 2ND
Santa Barbara Golden Cranes batting - Pitching for Nolensville Knights : RHP Miguel Pérez
Batting: LHB Braxton Cottongame 0-0: Foul Ball, location: 2F
0-1: Foul Ball, location: 2F
0-2: Foul Ball, location: 2F
0-2: Ball
1-2: DOUBLE (Line Drive, 78M, EV 108.1 MPH)
Batting: RHB James Pike 0-0: Ball
1-0: Ball
2-0: Swinging Strike
2-1: Foul Ball, location: 2F
2-2: Foul Ball, location: 2F
2-2: Ball
3-2: Foul Ball, location: 2F
3-2: Fly out, F8 (Flyball, 8RS, EV 78.1 MPH)
Batting: LHB Steve Murdock 0-0: Ball
1-0: Ball
Wild Pitch!
Braxton Cottongame to third
2-0: Foul Ball, location: 2F
2-1: Fly out, F9 (Flyball, 89M, EV 88.1 MPH)
Runner from 3rd tags up, SCORES, throw by RF
Batting: RHB Rocky Zolman 0-0: Called Strike
0-1: Ball
1-1: Called Strike
1-2: Ball
2-2: Foul Ball, location: 2F
2-2: Ball
3-2: SINGLE (Groundball, 6, EV 76.9 MPH) (infield hit)
Batting: LHB Alfredo Garza 0-0: Ball
1-0: Called Strike
1-1: Ball
2-1: Foul Ball, location: 2F
2-2: Strikes out swinging
Top of the 2nd over - 1 run, 2 hits, 0 errors, 1 left on base; Santa Barbara 1 - Nolensville 0
BOTTOM OF THE 2ND
Nolensville Knights batting - Pitching for Santa Barbara Golden Cranes : RHP CB Huntington
Batting: LHB Ánibal Leobardo 0-0: Swinging Strike
0-1: Foul Ball, location: 2F
0-2: Ball
1-2: Strikes out swinging
Batting: SHB Govaart Baars 0-0: Swinging Strike
0-1: Ball
1-1: Ball
2-1: Foul Ball, location: 2F
2-2: Foul Ball, location: 2F
2-2: Fly out, F9 (Flyball, 89D, EV 98.1 MPH)
Batting: RHB Carlos Garza 0-0: Foul Ball, location: 2F
0-1: Called Strike
0-2: Ball
1-2: Ball
2-2: Ball
3-2: Foul Ball, location: 2F
3-2: Base on Balls
Batting: RHB Bob Hill 0-0: Fly out, F9 (Flyball, 9S, EV 91.9 MPH)
Bottom of the 2nd over - 0 runs, 0 hits, 0 errors, 1 left on base; Santa Barbara 1 - Nolensville 0
TOP OF THE 3RD
Santa Barbara Golden Cranes batting - Pitching for Nolensville Knights : RHP Miguel Pérez
Batting: SHB Celio Guimaraens 0-0: Ground out 6-3 (Groundball, 6, EV 102.5 MPH)
Batting: RHB Jody Clark 0-0: Called Strike
0-1: Ball
1-1: Ball
2-1: Foul Ball, location: 2F
2-2: Foul Ball, location: 2F
2-2: Strikes out swinging
Batting: LHB Kyle Mullens 0-0: Ball
1-0: Ball
2-0: Ground out 6-3 (Groundball, 6, EV 92.5 MPH)
Top of the 3rd over - 0 runs, 0 hits, 0 errors, 0 left on base; Santa Barbara 1 - Nolensville 0
BOTTOM OF THE 3RD
Nolensville Knights batting - Pitching for Santa Barbara Golden Cranes : RHP CB Huntington
Batting: RHB José García 0-0: Called Strike
0-1: Ball
1-1: Called Strike
1-2: SINGLE (Flyball, 78S, EV 83.8 MPH)
Batting: LHB Gidde Collin 0-0: Swinging Strike
0-1: Ball
1-1: Ball
2-1: Foul Ball, location: 2F
2-2: Foul Ball, location: 2F
2-2: Foul Ball, location: 2F
2-2: Ball
3-2: Base on Balls
José García to second
Batting: LHB Brenton Winston 0-0: Called Strike
0-1: Ball
1-1: Foul Ball, location: 2F
1-2: Foul Ball, location: 2F
1-2: Ball
2-2: Ball
3-2: Grounds into double play, 6-4-3 (Groundball, 56, EV 102.5 MPH)
José García to third
Batting: LHB Juan Jimínez 0-0: Ball
1-0: Ball
2-0: Called Strike
2-1: Ball
3-1: Foul Ball, location: 2F
3-2: Foul Ball, location: 2F
3-2: Reached on error, E7 (Flyball, 78S, EV 93.1 MPH)
José García scores
Batting: RHB Dale Goodman 0-0: Ball
1-0: Foul Ball, location: 2F
1-1: Fly out, F8 (Flyball, 8RM, EV 83.8 MPH)
Bottom of the 3rd over - 1 run, 1 hit, 1 error, 1 left on base; Santa Barbara 1 - Nolensville 1
TOP OF THE 4TH
Santa Barbara Golden Cranes batting - Pitching for Nolensville Knights : RHP Miguel Pérez
Batting: RHB Ernest Lesley 0-0: Called Strike
0-1: Foul Ball, location: 2F
0-2: Ball
1-2: Strikes out swinging
Batting: LHB Braxton Cottongame 0-0: Foul Ball, location: 2F
0-1: Fly out, F9 (Flyball, 9D, EV 82.5 MPH)
Batting: RHB James Pike 0-0: Foul Ball, location: 2F
0-1: Ball
1-1: Foul Ball, location: 2F
1-2: Foul Ball, location: 2F
1-2: Foul Ball, location: 2F
1-2: Foul Ball, location: 2F
1-2: Strikes out swinging
Top of the 4th over - 0 runs, 0 hits, 0 errors, 0 left on base; Santa Barbara 1 - Nolensville 1
BOTTOM OF THE 4TH
Nolensville Knights batting - Pitching for Santa Barbara Golden Cranes : RHP CB Huntington
Batting: LHB Ánibal Leobardo 0-0: Called Strike
0-1: Foul Ball, location: 2F
0-2: Ball
1-2: Ball
2-2: Ball
3-2: Ground out 4-3 (Groundball, 4, EV 77.5 MPH)
Batting: SHB Govaart Baars 0-0: SINGLE (Flyball, 9LS, EV 95.0 MPH)
Batting: RHB Carlos Garza 0-0: Called Strike
0-1: Foul Ball, location: 2F
0-2: Fly out, F8 (Line Drive, 8LD, EV 84.4 MPH)
Batting: RHB Bob Hill 0-0: Called Strike
0-1: Ball
1-1: Ground out 5-3 (Groundball, 56S, EV 85.0 MPH)
Bottom of the 4th over - 0 runs, 1 hit, 0 errors, 1 left on base; Santa Barbara 1 - Nolensville 1
TOP OF THE 5TH
Santa Barbara Golden Cranes batting - Pitching for Nolensville Knights : RHP Miguel Pérez
Batting: LHB Steve Murdock 0-0: Swinging Strike
0-1: Called Strike
0-2: Fly out, F5 (Popup, 5SF, EV 63.8 MPH)
Batting: RHB Rocky Zolman 0-0: Ball
1-0: Ball
2-0: Foul Ball, location: 2F
2-1: Ground out 6-3 (Groundball, 6, EV 86.2 MPH)
Batting: LHB Alfredo Garza 0-0: Called Strike
0-1: Called Strike
0-2: Ball
1-2: Ball
2-2: Foul Ball, location: 2F
2-2: Ball
3-2: Strikes out swinging
Top of the 5th over - 0 runs, 0 hits, 0 errors, 0 left on base; Santa Barbara 1 - Nolensville 1
BOTTOM OF THE 5TH
Nolensville Knights batting - Pitching for Santa Barbara Golden Cranes : RHP CB Huntington
Batting: RHB José García 0-0: Called Strike
0-1: Swinging Strike
0-2: Ball
1-2: Strikes out swinging
Batting: LHB Gidde Collin 0-0: Ball
1-0: Called Strike
1-1: Ball
2-1: Foul Ball, location: 2F
2-2: DOUBLE (Flyball, 8RXD, EV 106.2 MPH)
Batting: LHB Brenton Winston 0-0: SINGLE (Groundball, 34D, EV 103.8 MPH)
Gidde Collin to third
Runner from 3rd tries for Home, SAFE, throw by RF to home
Batting: LHB Juan Jimínez 0-0: Ball
1-0: Foul Ball, location: 2F
1-1: Ball
2-1: Swinging Strike
2-2: Fly out, F8 (Flyball, 8RM, EV 88.1 MPH)
Batting: RHB Dale Goodman 0-0: Ball
1-0: SINGLE (Line Drive, 7S, EV 110.0 MPH)
Brenton Winston to second
Batting: LHB Ánibal Leobardo 0-0: Ball
1-0: Ball
2-0: Foul Ball, location: 2F
2-1: Foul Ball, location: 2F
2-2: Strikes out swinging
Bottom of the 5th over - 1 run, 3 hits, 0 errors, 2 left on base; Santa Barbara 1 - Nolensville 2
TOP OF THE 6TH
Santa Barbara Golden Cranes batting - Pitching for Nolensville Knights : RHP Miguel Pérez
Batting: SHB Celio Guimaraens 0-0: Foul Ball, location: 2F
0-1: Ball
1-1: Ball
2-1: Fly out, F8 (Line Drive, 8RD, EV 90.6 MPH)
Batting: RHB Jody Clark 0-0: Called Strike
0-1: Ball
1-1: Hit by Pitch
Batting: LHB Kyle Mullens 0-0: Fielders Choice at 2nd, 4-6 (Groundball, 4D, EV 82.5 MPH)
Batting: RHB Ernest Lesley 0-0: Fly out, F8 (Flyball, 89S, EV 96.2 MPH)
Top of the 6th over - 0 runs, 0 hits, 0 errors, 1 left on base; Santa Barbara 1 - Nolensville 2
BOTTOM OF THE 6TH
Nolensville Knights batting - Pitching for Santa Barbara Golden Cranes : RHP CB Huntington
Pitching: RHP William DeWitt
Batting: SHB Govaart Baars 0-0: Ground out 4-3 (Groundball, 4, EV 103.8 MPH)
Batting: RHB Carlos Garza 0-0: SOLO HOME RUN (Flyball, 7D, EV 105.6 MPH), Distance : 369 ft
Batting: RHB Bob Hill 0-0: Ball
1-0: Ball
2-0: Foul Ball, location: 2F
2-1: Foul Ball, location: 2F
2-2: Ground out 4-3 (Groundball, 4, EV 90.0 MPH)
Batting: RHB José García 0-0: Ball
1-0: Fly out, F8 (Line Drive, 8LM, EV 92.5 MPH)
Bottom of the 6th over - 1 run, 1 hit, 0 errors, 0 left on base; Santa Barbara 1 - Nolensville 3
TOP OF THE 7TH
Santa Barbara Golden Cranes batting - Pitching for Nolensville Knights : RHP Miguel Pérez
Batting: LHB Braxton Cottongame 0-0: Ball
1-0: Ball
2-0: Called Strike
2-1: Foul Ball, location: 2F
2-2: Fly out, F8 (Line Drive, 8LM, EV 86.2 MPH)
Batting: RHB James Pike 0-0: Foul Ball, location: 2F
0-1: Foul Ball, location: 2F
0-2: Reached on error, E4 (Groundball, 34, EV 103.1 MPH)
Batting: LHB Steve Murdock 0-0: Called Strike
0-1: Called Strike
0-2: Fly out, F6 (Line Drive, 6, EV 74.4 MPH)
Batting: RHB Rocky Zolman 0-0: Ground out 5-3 (Groundball, 56, EV 86.2 MPH)
Top of the 7th over - 0 runs, 0 hits, 1 error, 1 left on base; Santa Barbara 1 - Nolensville 3
BOTTOM OF THE 7TH
Nolensville Knights batting - Pitching for Santa Barbara Golden Cranes : RHP William DeWitt
Batting: LHB Gidde Collin 0-0: Ball
1-0: SINGLE (Groundball, 6, EV 88.8 MPH) (infield hit)
Batting: LHB Brenton Winston 0-0: Bunted foul
0-1: Ball
1-1: Bunted foul
1-2: Ball
2-2: Ground out 5-3 (Groundball, 56S, EV 66.2 MPH)
Gidde Collin to second
Batting: LHB Juan Jimínez 0-0: Called Strike
0-1: Called Strike
0-2: Foul Ball, location: 2F
0-2: Ball
1-2: Ball
2-2: Foul Ball, location: 2F
2-2: SINGLE (Line Drive, 8LS, EV 94.4 MPH)
Gidde Collin to third
Runner from 3rd tries for Home, SAFE, throw by CF to home
Batting: RHB Dale Goodman 0-0: Ball
1-0: Called Strike
1-1: Ball
2-1: Called Strike
2-2: Foul Ball, location: 2F
2-2: Foul Ball, location: 2F
2-2: Strikes out looking
Batting: LHB Ánibal Leobardo 0-0: Fly out, F8 (Line Drive, 8RM, EV 88.8 MPH)
Bottom of the 7th over - 1 run, 2 hits, 0 errors, 1 left on base; Santa Barbara 1 - Nolensville 4
TOP OF THE 8TH
Santa Barbara Golden Cranes batting - Pitching for Nolensville Knights : RHP Miguel Pérez
Batting: LHB Alfredo Garza 0-0: Ball
1-0: Ball
2-0: Called Strike
2-1: Ground out 5-3 (Groundball, 56, EV 91.9 MPH)
Batting: SHB Celio Guimaraens 0-0: Called Strike
0-1: Ground out 6-3 (Groundball, 56, EV 101.2 MPH)
Batting: RHB Jody Clark 0-0: Foul Ball, location: 2F
0-1: Foul Ball, location: 2F
0-2: Foul Ball, location: 2F
0-2: Hit by Pitch
Pitching: LHP Biff Pocoroba
Batting: LHB Kyle Mullens 0-0: Ball
1-0: Ball
2-0: Ball
3-0: Base on Balls
Jody Clark to second
Batting: RHB Ernest Lesley 0-0: Ball
1-0: Ball
2-0: Called Strike
2-1: SINGLE (Line Drive, 7S, EV 98.8 MPH)
Jody Clark to third
Kyle Mullens to second
Runner from 3rd tries for Home, SAFE, no throw by LF
Pinch Hitting: RHB John Ricks 0-0: Ball
1-0: Called Strike
1-1: Ground out 6-3 (Groundball, 6, EV 81.2 MPH)
Top of the 8th over - 1 run, 1 hit, 0 errors, 2 left on base; Santa Barbara 2 - Nolensville 4
BOTTOM OF THE 8TH
Nolensville Knights batting - Pitching for Santa Barbara Golden Cranes : RHP William DeWitt
Now at 1B: Pat Lloyd
Batting: SHB Govaart Baars 0-0: Foul Ball, location: 2F
0-1: Ball
1-1: Ground out 6-3 (Groundball, 6S, EV 75.0 MPH)
Batting: RHB Carlos Garza 0-0: Foul Ball, location: 2F
0-1: Ground out 2-3 (Groundball, 2R, EV 66.9 MPH)
Batting: RHB Bob Hill 0-0: Ball
1-0: Ball
2-0: Called Strike
2-1: Called Strike
2-2: Ball
3-2: SINGLE (Line Drive, 7LS, EV 108.1 MPH)
Pitching: RHP John Kraan
Batting: RHB José García 0-0: Ball
1-0: Fly out, F8 (Flyball, 78D, EV 91.2 MPH)
Bottom of the 8th over - 0 runs, 1 hit, 0 errors, 1 left on base; Santa Barbara 2 - Nolensville 4
TOP OF THE 9TH
Santa Barbara Golden Cranes batting - Pitching for Nolensville Knights : LHP Biff Pocoroba
Pitching: RHP Napoleon Vitagliano
Now at 1B: Francis Osborne
Batting: RHB James Pike 0-0: Ball
1-0: Fly out, F7 (Flyball, 7, EV 89.4 MPH)
Batting: LHB Steve Murdock 0-0: Ball
1-0: Ground out U3 (Groundball, 34S, EV 68.1 MPH)
Batting: RHB Rocky Zolman 0-0: Ground out 5-3 (Groundball, 56, EV 90.0 MPH)
Top of the 9th over - 0 runs, 0 hits, 0 errors, 0 left on base; Santa Barbara 2 - Nolensville 4
Tuesday, January 5th, 2021 - OOTP Baseball 20.8 Build 74